 Dungeon Crawl Stone Soup version 0.30-a0-377-g5cb311bc9f (webtiles) character file.

Game seed: 9437362298558127340

12 MackTheKnife the Chopper (level 2, -6/24 HPs)
             Began as a Demonspawn Cinder Acolyte on Nov 28, 2022.
             Was a High Priest of Ignis.
             Succumbed to a goblin's poison
             ... on level 1 of the Dungeon.
             The game lasted 00:00:52 (270 turns).

MackTheKnife the Chopper (Demonspawn Cinder Acolyte) Turns: 270, Time: 00:00:53

Health: -6/24      AC:  8    Str: 14    XL:     2   Next: 20%
Magic:  3/3        EV:  7    Int: 15    God:    Ignis [*****.]
Gold:   0          SH:  0    Dex:  8    Spells: 3/3 levels left

rFire   + . .      SeeInvis .    a - -1 hand axe (flame) {axe}
rCold   . . .      Faith    .    (no shield)
rNeg    . . .      Spirit   .    d - +0 chain mail
rPois   .          Reflect  .    (no helmet)
rElec   .          Harm     .    (no cloak)
rCorr   .          Rampage  .    (no gloves)
Will    .....                    (no boots)
Stlth   ..........               (no amulet)
HPRegen 0.24/turn                (no ring)
MPRegen 0.08/turn                (no ring)

@: lethally poisoned (-6 -> -42)
A: sturdy frame 1
a: Renounce Religion, Fiery Armour, Foxfire Swarm, Rising Flame


You were on level 1 of the Dungeon.
You worshipped Ignis.
Ignis was extremely pleased with you.
You visited 1 branch of the dungeon, and saw 1 of its levels.


Innate Abilities, Weirdness & Mutations

Your movements are slightly less encumbered by armour. (ER -2)


   Skills:
 - Level 3.0 Fighting
 + Level 3.3 Axes
 - Level 1.0 Spellcasting
 - Level 2.6 Fire Magic


You had 3 spell levels left.
You didn't know any spells.
Your spell library contained the following spells:

 Spells                   Type           Power      Damage    Failure   Level
 Scorch                   Fire           16%        2d5       85%         2

Inventory:

Hand Weapons
 a - a -1 hand axe of flaming (weapon) {axe}
Armour
 b - a +0 robe
 c - a +0 ring mail
   (You found it on level 1 of the Dungeon)
 d - a +0 chain mail (worn)
   (You found it on level 1 of the Dungeon)
 f - a +0 ring mail
   (You found it on level 1 of the Dungeon)
Scrolls
 e - a scroll of identify {unknown}
 g - a scroll of teleportation {unknown}

Dungeon Overview and Level Annotations

Branches:
Dungeon (1/15) Zot: 5715

Altars:

....... .......
....... .......
......
#.....#######
#.)g@...#
###.####.#
#........#
#.#.###..# #.#.#
.# #.#.# ..#
#.#.###..#
######.#......#
..........).##.#


You could see a goblin.


Message History

A kobold is nearby!
The kobold hits you but does no damage.
You hit the kobold. You burn the kobold.
The kobold hits you but does no damage.
You closely miss the kobold. The kobold hits you but does no damage.
You hit the kobold. You burn the kobold.
You kill the kobold!
You have reached level 2!
Your demonic ancestry asserts itself...
You feel less encumbered by your armour. 😎 HP[+6] MP[+1]
You now have 24 max hp (+6).
Your hp is fully restored (24).
Your mp is fully restored (3).
Okay, then.
Things that are here:
a +0 short sword {short}; a kobold corpse A goblin comes into view.
It is wielding a +0 dagger.
The goblin shouts!
A giant cockroach comes into view.
A giant cockroach comes into view.
A goblin comes into view. It is wielding a +1 dagger of venom.
The goblin shouts!
You hit the goblin. You burn the goblin.
You kill the goblin!
The giant cockroach bites you but does no damage.
You hit the giant cockroach but do no damage.
The giant cockroach bites you but does no damage.
You hit the giant cockroach but do no damage.
The giant cockroach bites you but does no damage.
The giant cockroach bites you but does no damage.
The giant cockroach barely misses you.
You hit the giant cockroach. You burn the giant cockroach.
You kill the giant cockroach!
Press: ? - help, v - describe, . - travel, g - get item
Here: a goblin, wielding a +1 dagger of venom
Items here: a +0 dagger; a goblin corpse.
The floor.
Unknown command.
You closely miss the giant cockroach.
The giant cockroach bites you but does no damage.
You hit the giant cockroach. You burn the giant cockroach.
The giant cockroach bites you.
The giant cockroach bites you but does no damage. 😕 HP[-1]
You take 1 damage, and now have 23/24 hp.
This spell is extremely dangerous to cast!
Memorise Scorch, consuming 2 spell levels and leaving 1?
The giant cockroach bites you.
Your memorisation is interrupted.
You hit the giant cockroach but do no damage.
The giant cockroach bites you but does no damage.
You hit the giant cockroach but do no damage.
The giant cockroach barely misses you.
The giant cockroach bites you but does no damage.
You barely miss the giant cockroach. The giant cockroach bites you.
You closely miss the giant cockroach.
The giant cockroach bites you but does no damage. x2
You hit the giant cockroach. You burn the giant cockroach.
You kill the giant cockroach!
You hit the goblin. You burn the goblin.
The goblin hits you with a +1 dagger of venom.
You are poisoned. 😕 HP[-1]
You take 1 damage, and now have 22/24 hp.
You barely miss the goblin.
You feel very sick. The goblin hits you but does no damage.
You are more poisoned. 😕 HP[-2]
You take 2 damage, and now have 20/24 hp.
You barely miss the goblin.
You feel very sick. The goblin hits you but does no damage.
You are lethally poisoned! 😮 HP[-4]
You take 4 damage, and now have 16/24 hp.
You barely miss the goblin.
* * * LOW HITPOINT WARNING * * *
You feel very sick. The goblin hits you but does no damage.
You are more poisoned.
The goblin hits you but does no damage.
You are more poisoned. 😨 HP[-6]
You take 6 damage, and now have 10/24 hp.
MASSIVE DAMAGE!! (PAUSE)
You closely miss the goblin.
* * * LOW HITPOINT WARNING * * *
You feel extremely sick.
The goblin hits you with a +1 dagger of venom.
* * * LOW HITPOINT WARNING * * *
You are more poisoned. 😱 HP[-8]
You take 8 damage, and now have 2/24 hp.
MASSIVE DAMAGE!! (PAUSE)
You aren't carrying any potions.
Okay, then.
You aren't carrying any items that you can evoke.
Unknown command.
You miss the goblin.
You die...

Skill      XL: |  1 |
---------------+----+-----
Axes           | 3 |  3.3
Fighting       | |  3.0
Spellcasting   | |  1.0
Fire Magic     | |  2.6

Action                   || total
-------------------------++-------
Melee: Hand axe          ||    42
Armor: Chain mail        ||    29
Dodge: Dodged            ||     9

Levels and vault maps discovered:
D:1:      sevenhm_arrival_forest_fort_small_4, layout_basic

Notes
Turn   | Place    | Note
-------+----------+-------------------------------------------
     0 | D:1      | MackTheKnife the Demonspawn Cinder Acolyte began the quest
                  | for the Orb.
     0 | D:1      | Reached XP level 1. HP: 18/18 MP: 2/2
     0 | D:1      | magus.rc [v1.9.6]
   182 | D:1      | Reached skill level 3 in Axes
   236 | D:1      | Gained mutation: Your movements are slightly less
                  | encumbered by armour. (ER -2) [demonic ancestry]
   236 | D:1      | Reached XP level 2. HP: 24/24 MP: 3/3
   269 | D:1      | HP: 3/24 [poisoned by a goblin]
   270 | D:1      | Succumbed to a goblin's poison

Vanquished Creatures
  2 endoplasms (D:1)
  2 giant cockroaches (D:1)
  A goblin (D:1)
  2 hobgoblins (D:1)
  A kobold (D:1)
  A bat (D:1)
  A rat (D:1)
10 creatures vanquished.

Table legend:
 A = Non-vault XP
 B = Vault XP
 C = Vault XP percentage of total XP
 D = Non-vault monster count
 E = Vault monster count
 F = Vault count percentage of total count
                 A         B        C        D         E       F
            +---------+---------+-------+---------+---------+-------
      Total |      18 |       0 |   0.0 |      10 |       0 |   0.0
            +---------+---------+-------+---------+---------+-------
        D:1 |      18 |       0 |   0.0 |      10 |       0 |   0.0
            +---------+---------+-------+---------+---------+-------

Illustrated notes

Table legend:
 A = Kills in this place as a percentage of kills in entire the game.
 B = Kills by you in this place as a percentage of kills by you in the entire game.
 C = Kills by friends in this place as a percentage of kills by friends in the entire game.
 D = Other kills in this place as a percentage of other kills in the entire game.
 E = Experience gained in this place as a percentage of experience gained in the entire game.
 F = Experience gained in this place divided by the number of levels of this place that you have seen.
                   A       B       C       D       E      F
               +-------+-------+-------+-------+-------+----------------------
         Total | 100.0 | 100.0 |   N/A |   N/A | 100.0 |  18.0
       Dungeon | 100.0 | 100.0 |   N/A |   N/A | 100.0 |  18.0
               +-------+-------+-------+-------+-------+----------------------

Table legend: (Time is in decaauts)
 A = Elapsed time spent in this place.
 B = Non-inter-level travel time spent in this place.
 C = Inter-level travel time spent in this place.
 D = Time resting spent in this place.
 E = Time spent auto-exploring this place.
 F = Levels seen in this place.
 G = Mean time per level.
                   A        B        C        D        E       F      G
               +--------+--------+--------+--------+--------+-----+--------+
         Total |    284 |    284 |      0 |      0 |    195 |   1 |  284.0 |
       Dungeon |    284 |    284 |      0 |      0 |    195 |   1 |  284.0 |
               +--------+--------+--------+--------+--------+-----+--------+

Top non-repeatable levels by time:
     D:1: 284 daAuts
